 Dungeon Crawl Stone Soup version 0.19.1-1-g22dce08 (webtiles) character file.

154 theAP the Skirmisher (level 5, -3/35 HPs)
             Began as a Gargoyle Fighter on Jan 4, 2017.
             Slain by an ogre
             ... wielding a +0 giant spiked club
              (6 damage)
             ... on level 4 of the Dungeon.
             The game lasted 00:05:56 (1850 turns).

theAP the Skirmisher (Gargoyle Fighter)             Turns: 1850, Time: 00:05:57

Health: -3/35      AC: 10    Str: 21    XL:     5   Next: 35%
Magic:  5/5        EV:  7    Int:  8    God:
Gold:   91         SH:  9    Dex:  9    Spells: 0 memorised, 4 levels left

rFire  . . .     SeeInvis .     a - +0 flail
rCold  . . .     Gourm    .     b - +0 scale mail
rNeg   + . .     Faith    .     c - +0 shield
rPois  ∞         Spirit   .     (no helmet)
rElec  +         Reflect  .     (no cloak)
rCorr  .         Harm     .     (no gloves)
MR     .....                    (no boots)
Stlth  ..........               (no amulet)
                                (no ring)
                                (no ring)

@: no status effects
A: negative energy resistance 1, electricity resistance, unbreathing,
petrification resistance, rot immunity, AC +4
a: no special abilities


You were on level 4 of the Dungeon.
You were not hungry.

You visited 1 branch of the dungeon, and saw 4 of its levels.

You collected 91 gold pieces.

Inventory:

Hand Weapons
 a - a +0 flail (weapon)
Armour
 b - a +0 scale mail (worn)
 c - a +0 shield (worn)
Wands
 k - a wand of flame (27/48)
Scrolls
 e - a scroll of immolation {unknown}
 h - a scroll of remove curse
 j - a scroll of recharging {unknown}
Potions
 d - a potion of might
 l - 2 potions of curing {unknown}
 m - a potion of degeneration {unknown}
Comestibles
 f - 3 bread rations
 g - 4 fruits
 i - a beef jerky
 n - 2 slices of pizza


   Skills:
 + Level 5.0 Fighting
 + Level 3.7 Maces & Flails
 - Level 3.3 Armour
 - Level 3.7 Shields


You had 4 spell levels left.
You didn't know any spells.

Dungeon Overview and Level Annotations

Branches:
Dungeon (4/15)
 Temple: D:4-7

Altars:

Annotations:
D:3 Sigmund


Innate Abilities, Weirdness & Mutations

You are resistant to torment.
Your stone body is resilient. (AC +4)
You are immune to poison.
You resist negative energy. (rN+)
You are resistant to electric shocks. (rElec)
You can survive without breathing.
You are immune to petrification.
You are immune to rotting.


Message History

You kill the kobold!
Unknown command.
You hit the ogre but do no damage. The ogre barely misses you.
Your shield prevents you from hitting the ogre.
The ogre hits you with a giant spiked club!
You sock the ogre!
The ogre is moderately wounded.
You block the ogre's attack.
You hit the ogre.
The ogre is heavily wounded.
You block the ogre's attack.
You thump the ogre!
The ogre is severely wounded.
The ogre hits you with a giant spiked club!!
Ouch! That really hurt!
* * * LOW HITPOINT WARNING * * *
You hit the ogre but do no damage.
The ogre is severely wounded.
The ogre hits you with a giant spiked club.
You die...

# . .####
...#### #
#....<#
..##.#.....#
...........#
#O@...#
#.).!.#
...>####
######


You could see an ogre.

Vanquished Creatures
  Jessica (D:2)
  Ijyb (D:2)
  Terence (D:2)
  2 adders (D:2)
  An ooze (D:1)
  A worm (D:2)
  4 dart slugs (D:1)
  7 bats
  4 giant cockroaches
  6 goblins
  4 hobgoblins
  3 kobolds
  A ball python (D:1)
  4 frilled lizards
  7 rats
47 creatures vanquished.

Notes
Turn   | Place    | Note
-------+----------+-------------------------------------------
     0 | D:1      | theAP the Gargoyle Fighter began the quest for the Orb.
     0 | D:1      | Reached XP level 1. HP: 14/14 MP: 1/1
   180 | D:1      | Reached XP level 2. HP: 19/19 MP: 2/2
   414 | D:1      | Reached XP level 3. HP: 24/24 MP: 3/3
   518 | D:1      | Reached skill level 4 in Fighting
   962 | D:2      | Reached XP level 4. HP: 21/29 MP: 4/4
   970 | D:2      | Noticed Ijyb
   987 | D:2      | Killed Ijyb
  1053 | D:2      | Noticed Terence
  1062 | D:2      | Killed Terence
  1085 | D:2      | Reached XP level 5. HP: 25/34 MP: 5/5
  1089 | D:2      | Noticed Jessica
  1398 | D:2      | Killed Jessica
  1398 | D:2      | Reached skill level 5 in Fighting
  1826 | D:3      | Noticed Sigmund
  1842 | D:4      | Noticed an ogre
  1850 | D:4      | Slain by an ogre

Skill      XL: |  1  2  3  4  5 |
---------------+----------------+-----
Fighting       | 4 5 |  5.0
Maces & Flails | 3 |  3.7
Armour         | |  3.3
Shields        | |  3.7

Action                   |  1- 3 |  4- 6 || total
-------------------------+-------+-------++-------
Melee: Flail             |    95 |    89 ||   184
  Use: Scroll            |     1 |       ||     1
  Eat: Chunk             |       |     1 ||     1
       Royal jelly       |       |     1 ||     1
Armor: Scale mail        |    57 |    47 ||   104
Dodge: Dodged            |    15 |    34 ||    49
Block: Shield            |    55 |    55 ||   110
